 Dungeon Crawl Stone Soup version 0.31-a0-981-geadf994542 (webtiles) character file.

Game seed: 14443637760782572255

44 Pixllover the Ruffian (level 3, -3/28 HPs)
             Began as a Gnoll Shapeshifter on Oct 31, 2023.
             Slain by a gnoll
             ... wielding a +0 halberd
              (12 damage)
             ... on level 3 of the Dungeon.
             The game lasted 00:02:02 (1548 turns).

Pixllover the Ruffian (Gnoll Shapeshifter)          Turns: 1548, Time: 00:02:02

Health: -3/28      AC:  2    Str: 15    XL:     3   Next: 62%
Magic:  4/4        EV: 13    Int:  9    God:
Gold:   142        SH:  0    Dex: 11    Spells: 3/3 levels left

rFire   . .          .
                       - Unarmed
rCold   . . .        (no shield)
rNeg    . . .        a - +0 animal skin
rPois   .            (helmet currently unavailable)
rElec   .            (cloak currently unavailable)
rCorr   .            (gloves currently unavailable)
SInv    .            (boots currently unavailable)
Will    .....        (no amulet)
Stlth   +            (no ring)
HPRegen 0.24/turn    (no ring)
MPRegen 0.09/turn

%: no passive effects
@: beast-form
A: beast (slay +3), fangs 1, strong nose, distributed training
a: Begin Untransformation


You were on level 3 of the Dungeon.
You were a hulking beast.
You visited 1 branch of the dungeon, and saw 3 of its levels.

You collected 142 gold pieces.

Inventory:

Missiles
 e - 2 poisoned darts (quivered)
Armour
 a - a +0 animal skin (worn)
Talismans
 c - a beast talisman
 d - a flux talisman
Wands
 i - a wand of paralysis (6)
Scrolls
 g - a scroll of identify {unknown}
 h - a scroll of teleportation {unknown}
 k - a scroll of fear {unknown}
Potions
 b - a potion of lignification
 f - a potion of might {unknown}
 j - a potion of cancellation {unknown}


   Skills:
 + Level 2.6 Fighting
 + Level 0.9 Short Blades
 + Level 0.9 Long Blades
 + Level 0.9 Axes
 + Level 0.9 Maces & Flails
 + Level 0.9 Polearms
 + Level 0.9 Staves
 + Level 0.9 Ranged Weapons
 + Level 0.9 Throwing
 + Level 0.9 Armour
 + Level 4.5 Dodging
 + Level 0.9 Stealth
 + Level 0.9 Shields
 + Level 6.5 Unarmed Combat
 + Level 0.9 Spellcasting
 + Level 0.6 Conjurations
 + Level 0.6 Hexes
 + Level 0.6 Summonings
 + Level 0.6 Necromancy
 + Level 0.6 Translocations
 + Level 0.6 Transmutations
 + Level 0.6 Fire Magic
 + Level 0.6 Ice Magic
 + Level 0.6 Air Magic
 + Level 0.6 Earth Magic
 + Level 0.6 Poison Magic
 + Level 1.0 Invocations
 + Level 0.9 Evocations
 + Level 6.5 Shapeshifting


You had 3 spell levels left.
You didn't know any spells.
Your spell library contained the following spells:

 Spells                   Type           Power      Damage    Failure   Level
 Ensorcelled Hibernation  Hex/Ice        2%         N/A       41%         2
 Jinxbite                 Hex            2%         N/A       41%         2
 Inner Flame              Hex/Fire       1%         N/A       65%         3
 Anguish                  Hex/Necr       0%         N/A       96%         4
 Flame Wave               Conj/Fire      1%         2d4       96%         4
 Sticky Flame             Conj/Fire      1%         2d3       96%         4


Dungeon Overview and Level Annotations

Branches:
Dungeon (3/15)

Altars:


Innate Abilities, Weirdness & Mutations

You are a hulking beast.
Your limbs bulge with bestial killing power. (Slay +3)
You have very sharp teeth.
Your uncanny sense of smell can sniff out nearby items.
Your experience applies equally to all skills.


Message History

You kill the rat!
You see here a rat corpse.
A bat comes into view.
Found a thick glowing staff.
Found a stone staircase leading up.
You closely miss the bat. The bat hits you but does no damage.
The bat misses you. The bat closely misses you.
The bat hits you but does no damage.
You closely miss the bat. The bat closely misses you.
The bat barely misses you.
You punch the bat!
You kill the bat!
You start waiting.
Done waiting.
Unknown command.
Found a scroll labelled HUUXTIQ NEURIG.
You see here a staff of death.
k - a scroll labelled HUUXTIQ NEURIG
Found 5 stones.
There is a stone staircase leading up here. 2 gnolls come into view.
A gnoll comes into view. It is wielding a +0 club.
The gnoll shouts! x2
The gnoll hits you with a +0 club.
You punch the gnoll!
The gnoll is heavily wounded.
The gnoll misses you. The gnoll attacks as it pursues you!
The gnoll hits you with a +0 club. The gnoll attacks as it pursues you!
The gnoll hits you with a +0 club.
You punch the gnoll!
You kill the gnoll!
Your Invocations skill increases to level 1!
The gnoll attacks as it pursues you! The gnoll closely misses you.
The gnoll attacks as it pursues you!
The gnoll hits you from afar with a +0 halberd!
Ouch! That really hurt!
The gnoll attacks as it pursues you!
The gnoll hits you from afar with a +0 halberd!
You die...

##......# #.......#.####
####.#..g.)..#
#.####.##.# # #.##g#
###### ..##.#######
.....## #####g......#
###...####### #..####.#
##..........####h......#
..#...#..........<...#.#
#..#.#.#.####.##..##.#.#
#...#.##.####.##.......#
.....###.#..|.....###..#
.#.###
#.#.##.###.###รท.# ...#
#......# #......# .###
#......# #####.## .#
#.....## #.#


You could see 2 gnolls.

Vanquished Creatures
  A gnoll (D:3)
  A dart slug (D:1)
  2 ball pythons (D:1)
  3 endoplasms
  4 goblins
  2 hobgoblins (D:2)
  A quokka (D:1)
  2 bats
  2 frilled lizards
  4 kobolds
  12 rats
34 creatures vanquished.

Vanquished Creatures (collateral kills)
  2 rats (D:2)
2 creatures vanquished.

Grand Total: 36 creatures vanquished

Notes
Turn   | Place    | Note
-------+----------+-------------------------------------------
     0 | D:1      | Pixllover the Gnoll Shapeshifter began the quest for the
                  | Orb.
     0 | D:1      | Reached XP level 1. HP: 17/17 MP: 1/1
   108 | D:1      | Reached XP level 2. HP: 14/23 MP: 2/2
   684 | D:1      | You fall into a shaft and drop 1 floor!
   765 | D:2      | Reached XP level 3. HP: 28/28 MP: 3/3
  1543 | D:3      | Reached skill level 1 in Invocations
  1548 | D:3      | Slain by a gnoll

Illustrated notes

Levels and vault maps discovered:
D:1:      minmay_arrival_stone_box, layout_basic
D:2:      layout_loops_ring, wad_floor_pattern_untrapped,
          chequers_serial_rivers_micro_c, minmay_rat_gold_closets
D:3:      layout_loops_cross, mainiacjoe_overflow_small_starburst,
          mainiacjoe_overflow_six_doors_small, uniq_ijyb

Skill      XL: |  1  2  3 |
---------------+----------+-----
Invocations    | 1 |  1.0
Fighting       | |  2.6
Short Blades   | |  0.9
Long Blades    | |  0.9
Axes           | |  0.9
Maces & Flails | |  0.9
Polearms       | |  0.9
Staves         | |  0.9
Ranged Weapons | |  0.9
Throwing       | |  0.9
Armour         | |  0.9
Dodging        | |  4.5
Stealth        | |  0.9
Shields        | |  0.9
Unarmed Combat | |  6.5
Spellcasting   | |  0.9
Conjurations   | |  0.6
Hexes          | |  0.6
Summonings     | |  0.6
Necromancy     | |  0.6
Translocations | |  0.6
Transmutations | |  0.6
Fire Magic     | |  0.6
Ice Magic      | |  0.6
Air Magic      | |  0.6
Earth Magic    | |  0.6
Poison Magic   | |  0.6
Evocations     | |  0.9
Shapeshifting  | |  6.5

Action                     || total
---------------------------++-------
  Melee: Unarmed           ||    52
         Punch             ||     1
         Bite              ||     1
    Use: Scroll            ||     1
   Stab: Distracted        ||     1
         Sleeping          ||     4
 Armour: Animal skin       ||    19
  Dodge: Dodged            ||    33

Table legend: (Time is in decaauts)
 A = Elapsed time spent in this place.
 B = Non-inter-level travel time spent in this place.
 C = Inter-level travel time spent in this place.
 D = Time resting spent in this place.
 E = Time spent auto-exploring this place.
 F = Levels seen in this place.
 G = Mean time per level.
                   A        B        C        D        E       F      G
               +--------+--------+--------+--------+--------+-----+--------+
         Total |   1541 |   1524 |     17 |    138 |   1022 |   3 |  513.7 |
       Dungeon |   1541 |   1524 |     17 |    138 |   1022 |   3 |  513.7 |
               +--------+--------+--------+--------+--------+-----+--------+

Top non-repeatable levels by time:
     D:1: 681 daAuts
     D:2: 613 daAuts
     D:3: 246 daAuts
